[ AOE2 MATCH · #495877584 ]
UnrankedJapanese vs Tupi
Player's team · LOSS
Rival team · WIN
[ REPLAY ANALYSIS · EXTRACTED FROM THE RECORDED GAME ]
Feudal
10:59
Castle
14:30
Imperial
30:03
| APM avg | 47.7 |
| APM peak | 88 |
| eAPM avg | 27.2 |
| Villagers / military | 208 / 262 |
Focus
⚔️ 34.3% · 🌾 65.7%
Scout Cavalry ×158 · Cavalry Archer ×80 · Battering Ram ×8 · Trebuchet (Packed) ×6 · Monk ×3 · Scorpion ×3
Feudal
11:03
Castle
14:58
Imperial
32:55
| APM avg | 35.0 |
| APM peak | 79 |
| eAPM avg | 26.6 |
| Villagers / military | 179 / 24 |
Focus
⚔️ 48.6% · 🌾 51.4%
Unknown (2550) ×133 · Unknown (2579) ×66 · Battering Ram ×11 · Trebuchet (Packed) ×6 · Mangonel ×4 · Monk ×3
Match map
Initial resources + every placement click. Lines = walls · curves = elevation contours. ◆ gold · ⬟ stone · ● berries · ✦ relic · ◌ wall gap
Your base· ✓ Closed at 14:30 · 0t walls · 2 gate(s)
El Rey Del Norte X's base· ✓ Closed at 14:58 · 0t walls · 2 gate(s)
Smoothed initial terrain · ◌ = detected wall gap · hover for details
Inputs per minute
— random_aoe_user - - El Rey Del Norte X
Build order — random_aoe_user
First 150 of 652 actions detected
| 0:02 | Create | Villager (Male) |
| 0:02 | Create | Villager (Male) |
| 0:04 | Build | House |
| 0:07 | Build | House |
| 0:33 | Create | Villager (Male) |
| 0:33 | Create | Villager (Male) |
| 0:33 | Create | Villager (Male) |
| 0:33 | Create | Villager (Male) |
| 0:33 | Create | Villager (Male) |
| 1:31 | Create | Villager (Male) |
| 1:31 | Create | Villager (Male) |
| 1:31 | Create | Villager (Male) |
| 1:31 | Create | Villager (Male) |
| 1:31 | Create | Villager (Male) |
| 2:02 | Create | Villager (Male) |
| 2:03 | Create | Villager (Male) |
| 2:03 | Create | Villager (Male) |
| 2:03 | Create | Villager (Male) |
| 2:03 | Create | Villager (Male) |
| 2:04 | Build | Lumber Camp |
| 2:23 | Create | Villager (Male) |
| 2:23 | Create | Villager (Male) |
| 2:23 | Create | Villager (Male) |
| 2:23 | Create | Villager (Male) |
| 2:38 | Build | House |
| 2:47 | Create | Villager (Male) |
| 2:47 | Create | Villager (Male) |
| 2:47 | Create | Villager (Male) |
| 2:47 | Create | Villager (Male) |
| 2:47 | Create | Villager (Male) |
| 2:47 | Create | Villager (Male) |
| 3:12 | Create | Villager (Male) |
| 3:12 | Create | Villager (Male) |
| 3:12 | Create | Villager (Male) |
| 3:27 | Build | Mill |
| 3:36 | Create | Villager (Male) |
| 3:36 | Create | Villager (Male) |
| 3:36 | Create | Villager (Male) |
| 3:36 | Create | Villager (Male) |
| 4:11 | Create | Villager (Male) |
| 4:11 | Create | Villager (Male) |
| 4:11 | Create | Villager (Male) |
| 4:11 | Create | Villager (Male) |
| 4:11 | Create | Villager (Male) |
| 4:11 | Create | Villager (Male) |
| 4:30 | Create | Villager (Male) |
| 4:30 | Create | Villager (Male) |
| 4:30 | Create | Villager (Male) |
| 4:30 | Create | Villager (Male) |
| 4:30 | Create | Villager (Male) |
| 4:30 | Create | Villager (Male) |
| 4:55 | Create | Villager (Male) |
| 4:55 | Create | Villager (Male) |
| 4:55 | Create | Villager (Male) |
| 4:55 | Create | Villager (Male) |
| 4:55 | Create | Villager (Male) |
| 5:18 | Create | Villager (Male) |
| 5:18 | Create | Villager (Male) |
| 5:18 | Create | Villager (Male) |
| 5:18 | Create | Villager (Male) |
| 5:18 | Create | Villager (Male) |
| 5:18 | Create | Villager (Male) |
| 5:18 | Create | Villager (Male) |
| 5:33 | Build | House |
| 5:47 | Create | Villager (Male) |
| 5:47 | Create | Villager (Male) |
| 5:47 | Create | Villager (Male) |
| 5:47 | Create | Villager (Male) |
| 5:47 | Create | Villager (Male) |
| 5:48 | Create | Villager (Male) |
| 5:48 | Create | Villager (Male) |
| 6:16 | Create | Villager (Male) |
| 6:16 | Create | Villager (Male) |
| 6:16 | Create | Villager (Male) |
| 6:16 | Create | Villager (Male) |
| 6:16 | Create | Villager (Male) |
| 6:16 | Create | Villager (Male) |
| 6:17 | Create | Villager (Male) |
| 6:17 | Create | Villager (Male) |
| 6:21 | Build | Farm |
| 6:28 | Build | Lumber Camp |
| 6:40 | Build | Lumber Camp |
| 6:41 | Create | Villager (Male) |
| 6:41 | Create | Villager (Male) |
| 6:42 | Create | Villager (Male) |
| 6:47 | Create | Villager (Male) |
| 6:47 | Create | Villager (Male) |
| 6:47 | Create | Villager (Male) |
| 6:47 | Create | Villager (Male) |
| 6:50 | Build | Farm |
| 6:53 | Build | Farm |
| 7:35 | Build | House |
| 8:03 | Build | Mining Camp |
| 8:28 | Build | Mill |
| 8:33 | Research | Feudal Age |
| 8:43 | Create | Villager (Male) |
| 8:43 | Create | Villager (Male) |
| 8:45 | Create | Villager (Male) |
| 8:45 | Create | Villager (Male) |
| 8:45 | Create | Villager (Male) |
| 8:45 | Create | Villager (Male) |
| 8:46 | Create | Villager (Male) |
| 9:17 | Build | Barracks |
| 9:19 | Build | Barracks |
| 10:59 | Age | Feudal Age |
| 11:01 | Build | Stable |
| 11:04 | Build | Market |
| 11:51 | Research | Castle Age |
| 11:59 | Build | House |
| 12:09 | Build | Farm |
| 12:26 | Research | Horse Collar |
| 12:31 | Create | Scout Cavalry |
| 12:36 | Build | House |
| 12:39 | Build | House |
| 12:50 | Build | Farm |
| 13:06 | Build | Farm |
| 13:16 | Create | Scout Cavalry |
| 13:31 | Build | House |
| 13:32 | Create | Villager (Male) |
| 13:34 | Build | Farm |
| 13:41 | Build | Farm |
| 14:04 | Build | House |
| 14:04 | Build | House |
| 14:05 | Create | Villager (Male) |
| 14:15 | Research | Double-Bit Axe |
| 14:15 | Research | Double-Bit Axe |
| 14:23 | Build | Farm |
| 14:30 | Age | Castle Age |
| 15:07 | Build | Monastery |
| 15:21 | Create | Villager (Male) |
| 15:36 | Build | House |
| 15:39 | Create | Villager (Male) |
| 15:41 | Research | Bow Saw |
| 15:47 | Create | Villager (Male) |
| 15:52 | Build | Farm |
| 15:54 | Create | Monk |
| 16:13 | Build | Farm |
| 16:27 | Create | Villager (Male) |
| 16:36 | Research | Husbandry |
| 16:42 | Create | Villager (Male) |
| 16:52 | Create | Villager (Male) |
| 16:58 | Build | Town Center |
| 17:03 | Create | Villager (Male) |
| 17:09 | Build | Farm |
| 17:12 | Create | Monk |
| 17:28 | Build | Farm |
| 17:35 | Build | Farm |
| 17:54 | Build | Farm |
| 17:54 | Create | Villager (Male) |
| 18:08 | Create | Villager (Male) |
Build order — El Rey Del Norte X
First 150 of 694 actions detected
| 0:01 | Create | Villager (Male) |
| 0:01 | Create | Villager (Male) |
| 0:01 | Create | Villager (Male) |
| 0:03 | Build | House |
| 0:04 | Build | House |
| 0:35 | Create | Villager (Male) |
| 0:35 | Create | Villager (Male) |
| 0:55 | Build | Settlement |
| 1:20 | Create | Villager (Male) |
| 1:20 | Create | Villager (Male) |
| 1:54 | Create | Villager (Male) |
| 1:54 | Create | Villager (Male) |
| 1:54 | Create | Villager (Male) |
| 2:27 | Create | Villager (Male) |
| 2:55 | Create | Villager (Male) |
| 2:55 | Create | Villager (Male) |
| 3:25 | Create | Villager (Male) |
| 3:26 | Create | Villager (Male) |
| 3:38 | Create | Villager (Male) |
| 3:38 | Create | Villager (Male) |
| 4:00 | Create | Villager (Male) |
| 4:00 | Create | Villager (Male) |
| 4:11 | Create | Villager (Male) |
| 4:11 | Create | Villager (Male) |
| 4:24 | Create | Villager (Male) |
| 4:24 | Create | Villager (Male) |
| 4:30 | Create | Villager (Male) |
| 4:30 | Create | Villager (Male) |
| 4:41 | Create | Villager (Male) |
| 4:59 | Create | Villager (Male) |
| 4:59 | Create | Villager (Male) |
| 5:46 | Create | Villager (Male) |
| 5:49 | Create | Villager (Male) |
| 6:22 | Build | House |
| 6:40 | Build | Settlement |
| 7:27 | Create | Villager (Male) |
| 7:28 | Create | Villager (Male) |
| 7:28 | Create | Villager (Male) |
| 7:47 | Build | Farm |
| 7:50 | Build | Farm |
| 7:52 | Build | Farm |
| 8:36 | Research | Feudal Age |
| 8:36 | Research | Feudal Age |
| 9:45 | Create | Villager (Male) ×5 |
| 11:03 | Age | Feudal Age |
| 11:09 | Build | Outpost |
| 11:11 | Build | Outpost |
| 11:18 | Build | Market |
| 11:25 | Build | Blacksmith |
| 12:03 | Research | Castle Age |
| 12:04 | Research | Castle Age |
| 12:39 | Build | House |
| 13:10 | Research | Double-Bit Axe |
| 13:11 | Research | Horse Collar |
| 13:30 | Build | Outpost |
| 13:32 | Build | Outpost |
| 13:48 | Build | Settlement |
| 13:54 | Create | Villager (Male) |
| 13:54 | Create | Villager (Male) |
| 13:54 | Create | Villager (Male) |
| 13:59 | Research | Stone Mining |
| 14:10 | Create | Villager (Male) |
| 14:10 | Create | Villager (Male) |
| 14:11 | Create | Villager (Male) |
| 14:58 | Age | Castle Age |
| 15:01 | Build | Town Center |
| 15:06 | Create | Villager (Male) |
| 15:52 | Build | Farm |
| 15:52 | Build | Farm |
| 15:53 | Build | Farm |
| 15:53 | Build | Farm |
| 15:53 | Build | Farm |
| 15:53 | Build | Farm |
| 16:36 | Build | Castle |
| 16:44 | Create | Villager (Male) |
| 16:52 | Build | Farm |
| 16:53 | Build | Farm |
| 16:53 | Build | Farm |
| 16:53 | Build | Farm |
| 16:53 | Build | Farm |
| 17:04 | Build | Farm |
| 17:04 | Build | Farm |
| 17:05 | Build | Farm |
| 17:05 | Build | Farm |
| 17:10 | Research | Loom |
| 17:23 | Create | Villager (Male) |
| 17:29 | Build | Farm |
| 17:29 | Build | Farm |
| 17:29 | Build | Farm |
| 17:40 | Create | Unit 2579 |
| 17:54 | Create | Unit 2579 |
| 17:55 | Create | Villager (Male) |
| 18:17 | Create | Unit 2579 |
| 18:17 | Create | Unit 2579 |
| 18:21 | Create | Villager (Male) |
| 18:21 | Create | Villager (Male) |
| 18:30 | Create | Villager (Male) |
| 18:41 | Create | Unit 2579 |
| 19:08 | Create | Villager (Male) |
| 19:09 | Create | Villager (Male) |
| 19:09 | Create | Villager (Male) |
| 19:17 | Create | Villager (Male) |
| 19:18 | Create | Villager (Male) |
| 19:18 | Create | Villager (Male) |
| 19:18 | Create | Villager (Male) |
| 19:23 | Build | Farm |
| 19:23 | Build | Farm |
| 19:24 | Build | Farm |
| 19:24 | Build | Farm |
| 19:24 | Build | Farm |
| 19:25 | Build | Farm |
| 19:25 | Build | Farm |
| 19:25 | Build | Farm |
| 19:26 | Build | Farm |
| 19:26 | Build | Farm |
| 19:43 | Create | Villager (Male) |
| 19:43 | Create | Villager (Male) |
| 19:49 | Create | Villager (Male) |
| 19:50 | Create | Villager (Male) |
| 20:07 | Build | Monastery |
| 20:08 | Create | Villager (Male) |
| 20:09 | Create | Villager (Male) |
| 20:09 | Create | Villager (Male) |
| 20:11 | Build | Farm |
| 20:11 | Build | Farm |
| 20:12 | Build | Farm |
| 20:12 | Build | Farm |
| 20:35 | Create | Villager (Male) |
| 20:35 | Create | Villager (Male) |
| 20:38 | Build | Farm |
| 20:38 | Build | Farm |
| 20:38 | Build | Farm |
| 20:39 | Build | Farm |
| 20:39 | Build | Farm |
| 20:55 | Create | Villager (Male) |
| 20:55 | Create | Villager (Male) |
| 20:57 | Create | Monk |
| 21:03 | Build | Farm |
| 21:04 | Build | Farm |
| 21:06 | Create | Villager (Male) |
| 21:06 | Create | Villager (Male) |
| 21:06 | Create | Villager (Male) |
| 21:26 | Create | Villager (Male) |
| 21:27 | Create | Villager (Male) |
| 21:34 | Research | Fletching |
| 21:34 | Research | Fletching |
| 21:43 | Create | Villager (Male) |
| 21:43 | Create | Villager (Male) |
| 21:49 | Build | Siege Workshop |
| 22:14 | Research | Bodkin Arrow |
Match timeline
| 9:17 | random_aoe_user · first_building Barracks |
| 10:59 | random_aoe_user · age_up feudal |
| 11:01 | random_aoe_user · first_building Stable |
| 11:03 | El Rey Del Norte X · age_up feudal |
| 11:48 | random_aoe_user · first_market_sell 100 wood |
| 11:49 | random_aoe_user · first_market_buy 100 food |
| 14:30 | random_aoe_user · age_up castle |
| 14:58 | El Rey Del Norte X · age_up castle |
| 15:07 | random_aoe_user · first_building Monastery |
| 16:36 | El Rey Del Norte X · first_building Castle |
| 17:01 | El Rey Del Norte X · first_market_buy 100 wood |
| 20:07 | El Rey Del Norte X · first_building Monastery |
| 21:49 | El Rey Del Norte X · first_building Siege Workshop |
| 22:27 | random_aoe_user · first_building Siege Workshop |
| 22:58 | random_aoe_user · first_building Castle |
| 24:17 | El Rey Del Norte X · wall_segment Stone Wall x1 |
| 24:18 | El Rey Del Norte X · wall_segment Stone Wall x1 |
| 24:18 | El Rey Del Norte X · wall_segment Stone Wall x1 |
| 25:45 | El Rey Del Norte X · wall_segment Stone Wall x1 |
| 25:46 | El Rey Del Norte X · wall_segment Stone Wall x1 |
| 25:46 | El Rey Del Norte X · wall_segment Stone Wall x1 |
| 25:47 | El Rey Del Norte X · wall_segment Stone Wall x1 |
| 25:47 | El Rey Del Norte X · wall_segment Stone Wall x1 |
| 25:51 | El Rey Del Norte X · wall_segment Stone Wall x1 |
| 25:51 | El Rey Del Norte X · wall_segment Stone Wall x1 |
| 25:52 | El Rey Del Norte X · wall_segment Stone Wall x1 |
| 25:52 | El Rey Del Norte X · wall_segment Stone Wall x1 |
| 25:53 | El Rey Del Norte X · wall_segment Stone Wall x1 |
| 25:53 | El Rey Del Norte X · wall_segment Stone Wall x2 |
| 25:53 | El Rey Del Norte X · wall_segment Stone Wall x1 |
| 25:53 | El Rey Del Norte X · wall_segment Stone Wall x1 |
| 25:54 | El Rey Del Norte X · wall_segment Stone Wall x2 |
| 25:54 | El Rey Del Norte X · wall_segment Stone Wall x1 |
| 28:01 | El Rey Del Norte X · wall_segment Stone Wall x1 |
| 28:03 | El Rey Del Norte X · wall_segment Stone Wall x1 |
| 28:03 | El Rey Del Norte X · wall_segment Stone Wall x1 |
| 28:04 | El Rey Del Norte X · wall_segment Stone Wall x1 |
| 28:05 | El Rey Del Norte X · wall_segment Stone Wall x1 |
| 30:02 | El Rey Del Norte X · wall_segment Stone Wall x1 |
| 30:03 | random_aoe_user · age_up imperial |
| 30:03 | El Rey Del Norte X · wall_segment Stone Wall x2 |
| 30:35 | El Rey Del Norte X · first_building Barracks |
| 31:45 | random_aoe_user · first_building Archery Range |
| 32:55 | El Rey Del Norte X · age_up imperial |
| 34:21 | El Rey Del Norte X · wall_segment Stone Wall x1 |
| 34:24 | El Rey Del Norte X · wall_segment Stone Wall x1 |
| 34:25 | El Rey Del Norte X · wall_segment Stone Wall x1 |
| 37:13 | El Rey Del Norte X · first_market_sell 100 stone |
| 38:13 | El Rey Del Norte X · wall_segment Stone Wall x1 |
| 38:14 | El Rey Del Norte X · wall_segment Stone Wall x1 |
| 40:18 | El Rey Del Norte X · wall_segment Stone Wall x1 |
| 44:27 | El Rey Del Norte X · first_building Archery Range |
| 49:17 | random_aoe_user · resign |
[ AI ANALYSIS · 1 CREDIT ]
What really happened in this match?
Wolo.gg analyzes every decision: build order, eco, micro, common mistakes by bracket. Personalized analysis on WhatsApp or Discord in 30 seconds.
Civ guide
Japanese
Perfil
Jugador #2799159